AoeStats
← HenryEnrique

Black Forest

509804290Analyzed
4v4 RM · 3d ago on Sep 28, 2026· 47m 21s· 8 players
Game mode
Random Map
Map size
Large (8 player)
Population
200
Speed
Normal
Resources
Standard
Victory
Conquest
Starting age
Dark Age
Ending age
Imperial Age
RankedLock teamsTeams togetherTeam positionsShared explorationLock speedFull tech treeHidden civsTurbo modeCheats
Victory
Defeat
🇨🇱 Khmer · Chile
846
+15
🇨🇳 Saracens · China
840
+16
🇨🇱 Franks · Chile
812
+17
🇺🇸 Romans · United States
784
+18
🇲🇽 Japanese · Mexico
871
-18
🇲🇽 Sicilians · Mexico
866
-18
🇲🇽 Poles · Mexico
846
-17
🇲🇽 Huns · Mexico
736
-13
DarKyrie
0:35 Loom
12:54 Feudal Age
14:29 Double-Bit Axe
15:23 Wheelbarrow
15:36 Town Watch
23:14 Gold Mining
24:06 Stone Mining
24:54 Forging
26:50 Castle Age
25:43 Scale Barding Armor
25:42 Scale Mail Armor
27:45 Bow Saw
28:45 Hand Cart
29:23 Caravan
31:21 Gold Shaft Mining
37:42 Imperial Age
36:24 Iron Casting
37:00 Chain Barding Armor
36:56 Husbandry
37:56 Cavalier
38:38 Chivalry
38:59 Conscription
39:22 Town Patrol
40:50 Blast Furnace
41:45 Paladin
41:59 Pikeman
42:43 Squires
43:01 Chain Mail Armor
44:33 Plate Barding Armor
44:43 Elite Throwing Axeman
45:19 Fletching
46:00 Plate Mail Armor
46:19 Heavy Mounted Crossbowman
46:19 Cranequins
47:16 Bodkin Arrow
47:59 Padded Archer Armor
PAPU
12:17 Feudal Age
15:13 Wheelbarrow
14:49 Double-Bit Axe
15:21 Horse Collar
18:47 Castle Age
22:07 Gold Mining
22:25 Stone Mining
23:19 Bow Saw
23:12 Heavy Plow
24:24 Caravan
24:31 Loom
25:15 Hand Cart
29:45 Coinage
30:47 Heated Shot
32:18 Gold Shaft Mining
32:00 Forging
31:56 Scale Barding Armor
32:37 Ballistics
36:25 Imperial Age
35:00 Masonry
36:11 Chain Barding Armor
36:27 Iron Casting
36:37 Tusk Swords
36:45 Husbandry
37:07 Town Watch
37:53 Crop Rotation
37:54 Conscription
38:49 Chemistry
38:23 Architecture
38:57 Double Crossbow
39:23 Elite Battle Elephant
40:56 Banking
40:55 Bloodlines
42:42 Plate Barding Armor
43:08 Blast Furnace
43:21 Siege Engineers
44:05 Town Patrol
43:30 Heavy Scorpion
47:03 Redemption
47:39 Fletching
47:50 Padded Archer Armor
47:12 Cavalier
47:13 Man-at-Arms
47:14 Pikeman
47:16 Light Cavalry
47:20 Onager
魔幻蓝天
11:04 Feudal Age
11:34 Horse Collar
11:42 Double-Bit Axe
11:51 Stone Mining
20:19 Castle Age
18:33 Gold Mining
23:04 Bow Saw
23:33 Gold Shaft Mining
24:25 Heavy Plow
24:40 Bloodlines
24:31 Husbandry
37:14 Imperial Age
34:58 Forging
34:56 Scale Barding Armor
38:14 Wheelbarrow
37:25 Loom
37:25 Town Watch
38:20 Iron Casting
38:07 Chain Barding Armor
37:31 Elite Mameluke
38:31 Conscription
39:28 Counterweights
39:55 Hand Cart
40:01 Hand Cart
40:26 Plate Barding Armor
40:54 Blast Furnace
40:57 Two-Man Saw
41:05 Town Patrol
mhames40
10:01 Loom
12:38 Feudal Age
13:44 Double-Bit Axe
13:44 Horse Collar
16:24 Stone Mining
16:28 Gold Mining
20:24 Castle Age
20:05 Wheelbarrow
19:34 Town Watch
21:28 Bow Saw
22:27 Man-at-Arms
22:27 Pikeman
23:08 Squires
24:22 Heavy Plow
25:51 Hand Cart
25:38 Town Patrol
26:12 Fletching
26:36 Forging
29:43 Scale Mail Armor
29:48 Scale Barding Armor
29:40 Bodkin Arrow
30:21 Iron Casting
29:32 Long Swordsman
35:20 Imperial Age
34:25 Caravan
35:32 Legionary
35:47 Halberdier
37:37 Chain Mail Armor
38:23 Blast Furnace
38:41 Conscription
39:37 Comitatenses
40:06 Chain Barding Armor
40:41 Ballistics
40:19 Murder Holes
44:17 Elite Centurion
Creizyllama
7:41 Loom
11:49 Feudal Age
12:21 Horse Collar
13:09 Double-Bit Axe
14:18 Gold Mining
15:08 Wheelbarrow
20:48 Castle Age
19:53 Stone Mining
21:47 Heavy Plow
21:59 Bow Saw
27:14 Stone Shaft Mining
27:03 Hand Cart
28:23 Forging
28:13 Scale Mail Armor
28:19 Scale Barding Armor
28:04 Fletching
28:16 Padded Archer Armor
31:16 Iron Casting
31:02 Chain Barding Armor
30:57 Chain Mail Armor
32:10 Bodkin Arrow
32:40 Town Watch
33:08 Squires
32:55 Arson
37:45 Imperial Age
35:56 Town Patrol
36:18 Leather Archer Armor
36:19 Man-at-Arms
36:21 Pikeman
36:25 Light Cavalry
38:09 Bloodlines
38:00 Husbandry
37:24 Long Swordsman
38:25 Caravan
38:40 Siege Engineers
39:36 Chemistry
38:34 Murder Holes
39:02 Conscription
39:05 Lechitic Legacy
38:10 Two-Handed Swordsman
39:22 Crop Rotation
38:18 Winged Hussar
38:29 Cavalier
40:40 Blast Furnace
40:36 Szlachta Privileges
41:39 Champion
43:04 Ballistics
42:24 Treadmill Crane
44:59 Plate Mail Armor
44:30 Bracer
Gazpacho
0:33 Loom
12:38 Feudal Age
14:52 Double-Bit Axe
19:35 Castle Age
17:27 Horse Collar
20:56 Bow Saw
20:50 Heavy Plow
22:38 Wheelbarrow
21:50 Town Watch
25:06 Fervor
25:18 Pikeman
25:58 Squires
26:31 Scale Mail Armor
31:47 Imperial Age
30:00 Treadmill Crane
30:41 Ballistics
31:01 Hand Cart
30:47 Town Patrol
30:41 Arson
31:13 Chain Mail Armor
31:08 Forging
31:05 Gold Mining
31:05 Stone Mining
33:30 Two-Man Saw
33:04 Plate Mail Armor
32:35 Padded Archer Armor
32:25 Fletching
32:41 Scale Barding Armor
32:02 Halberdier
34:04 Chemistry
33:15 Masonry
33:51 Gold Shaft Mining
33:34 Caravan
34:47 Siege Engineers
34:23 Crossbowman
35:09 Thumb Ring
35:30 Parthian Tactics
35:47 Iron Casting
35:08 Bodkin Arrow
35:28 Leather Archer Armor
37:56 Conscription
37:09 Elite Samurai
38:42 Coinage
38:07 Arbalester
38:20 Heavy Cavalry Archer
39:02 Murder Holes
40:10 Kataparuto
42:41 Blast Furnace
41:41 Bracer
42:12 Ring Archer Armor
41:09 Light Cavalry
41:50 Husbandry
HenryEnrique
21:06 Loom
26:13 Feudal Age
26:58 Double-Bit Axe
26:55 Horse Collar
31:13 Gold Mining
35:49 Castle Age
35:52 Stone Mining
37:37 Bow Saw
37:33 Heavy Plow
39:56 Gold Shaft Mining
41:04 Husbandry
42:49 Marauders
43:34 Scale Mail Armor
43:45 Forging
43:29 Pikeman
44:13 Squires
mariusly1
10:54 Feudal Age
11:01 Loom
11:34 Double-Bit Axe
11:34 Horse Collar
17:46 Castle Age
20:50 Bow Saw
26:12 Scale Mail Armor
30:56 Imperial Age
29:39 Chain Mail Armor
29:20 Gold Mining
30:44 Wheelbarrow
32:18 Heavy Plow
32:57 Gold Shaft Mining
33:00 Elite Serjeant
34:37 Crop Rotation
34:10 Stone Mining
34:42 Hand Cart
34:13 Town Watch
34:41 Forging
35:11 Squires
34:56 Gambesons
34:57 Arson
34:36 Pikeman
36:25 Town Patrol
37:46 Stone Shaft Mining
38:04 Plate Mail Armor
38:10 Iron Casting
37:00 Halberdier
38:50 Conscription
40:36 Chemistry
39:57 Ballistics
39:49 Masonry
39:36 Murder Holes
41:09 Blast Furnace
40:00 Fletching
46:40 Bodkin Arrow
Connection lost

Rejoining the realm…

Still unreachable

The connection could not be restored.

Session expired

The server has moved on; the page needs a fresh start.